| TOP OF THE 1ST |
|
San Diego (APP) Padres batting - Pitching for Helena Brewers : RHP Antonio Ballesteros
|
|
Pitching: RHP Antonio Ballesteros
|
|
|
Batting: RHB Wally Cangro
|
0-0: Ball 1-0: Fly out, F8 (Flyball, 8LS, EV 90.0 MPH)
|
|
Batting: SHB Yutaro Takahashi
|
0-0: Ball 1-0: Ball 2-0: Ball 3-0: Called Strike 3-1: Base on Balls
|
|
Batting: LHB Hugo MacBeth
|
0-0: Ball 1-0: Ball 2-0: Called Strike 2-1: Ball 3-1: Foul Ball, location: 2F 3-2: SINGLE (Line Drive, 8LS, EV 93.1 MPH) Yutaro Takahashi to second
|
|
Batting: LHB Sammy Roddenberry
|
0-0: Ball 1-0: Ball 2-0: Called Strike 2-1: SINGLE (Groundball, 4MD, EV 98.1 MPH) Yutaro Takahashi to third Hugo MacBeth to second
|
|
Batting: LHB Carlos Cuellar
|
0-0: Ball 1-0: Ball 2-0: Called Strike 2-1: Ball 3-1: Called Strike 3-2: Strikes out swinging
|
|
Batting: RHB Aaron Joseph
|
0-0: Ground out 4-3 (Groundball, 4, EV 110.6 MPH)
|
| Top of the 1st over - 0 runs, 2 hits, 0 errors, 3 left on base; San Diego (APP) 0 - Helena 0 |
| BOTTOM OF THE 1ST |
|
Helena Brewers batting - Pitching for San Diego (APP) Padres : RHP Roger Watkins
|
|
Pitching: RHP Roger Watkins
|
|
|
Batting: RHB Nick Cummings
|
0-0: Ball 1-0: Ball 2-0: Foul Ball, location: 2F 2-1: SINGLE (Groundball, P, EV 81.9 MPH) (infield hit)
|
|
Batting: SHB Mike Williams
|
0-0: Fielders Choice at 2nd, 6-4 (Groundball, 6, EV 88.8 MPH)
|
|
Batting: LHB Gabe Harvey
|
Balk! Mike Williams to second 0-0: Ball 1-0: Ball 2-0: SINGLE (Groundball, 4D, EV 96.3 MPH) Mike Williams to third Runner from 3rd tries for Home, SAFE, throw by RF to home
|
|
Batting: SHB Robert Sayer
|
0-0: Called Strike 0-1: Called Strike 0-2: Foul Ball, location: 2F 0-2: Ball 1-2: SINGLE (Groundball, 6MD, EV 98.1 MPH) Gabe Harvey to second
|
|
Batting: SHB Craig Wright
|
0-0: DOUBLE (Line Drive, 7LM, EV 105.6 MPH) Gabe Harvey scores Robert Sayer to third
|
|
Batting: LHB Pablo Cardona
|
0-0: Called Strike 0-1: Ball 1-1: Fly out, F8 (Flyball, 8LXD, EV 105.6 MPH) Runner from 3rd tags up, SCORES, no throw by CF
|
|
Batting: RHB Ben Taylor
|
0-0: Ball 1-0: Ground out 6-3 (Groundball, 6, EV 85.0 MPH)
|
| Bottom of the 1st over - 3 runs, 4 hits, 0 errors, 1 left on base; San Diego (APP) 0 - Helena 3 |
| TOP OF THE 2ND |
|
San Diego (APP) Padres batting - Pitching for Helena Brewers : RHP Antonio Ballesteros
|
|
Batting: RHB Tyler West
|
0-0: Swinging Strike 0-1: Ground out 5-3 (Groundball, 56S, EV 82.5 MPH)
|
|
Batting: RHB Max Stillo
|
0-0: Ball 1-0: Ball 2-0: Ball 3-0: Called Strike 3-1: SINGLE (Groundball, 6S, EV 70.0 MPH) (infield hit)
|
|
Batting: RHB Brent Little
|
0-0: Ball 1-0: Foul Ball, location: 2F 1-1: Swinging Strike 1-2: Fielders Choice at 2nd, 6-4 (Groundball, 6, EV 95.0 MPH)
|
|
Batting: RHB Wally Cangro
|
0-0: Swinging Strike 0-1: Ball 1-1: Ball 2-1: SINGLE (Line Drive, 9S, EV 96.3 MPH) Brent Little to second
|
|
Batting: SHB Yutaro Takahashi
|
0-0: Ball Wild Pitch! Brent Little to third Wally Cangro to second 1-0: Ball 2-0: Ball 3-0: Base on Balls
|
|
Batting: LHB Hugo MacBeth
|
0-0: Swinging Strike 0-1: Foul Ball, location: 2F 0-2: Fielders Choice at 2nd, 6-4 (Groundball, 6, EV 104.4 MPH)
|
| Top of the 2nd over - 0 runs, 2 hits, 0 errors, 3 left on base; San Diego (APP) 0 - Helena 3 |
| BOTTOM OF THE 2ND |
|
Helena Brewers batting - Pitching for San Diego (APP) Padres : RHP Roger Watkins
|
|
Batting: LHB Umar Matoub
|
0-0: Ball 1-0: TRIPLE (Flyball, 8LXD, EV 98.1 MPH)
|
|
Batting: RHB Dustin Hartman
|
0-0: Ball 1-0: Fly out, F8 (Flyball, 78D, EV 97.5 MPH) Runner from 3rd tags up, OUT at HOME! 8-2
|
|
Batting: RHB Nick Cummings
|
0-0: DOUBLE (Flyball, 78XD, EV 96.9 MPH)
|
|
Batting: SHB Mike Williams
|
0-0: Ball 1-0: Foul Ball, location: 2F 1-1: Foul Ball, location: 2F 1-2: Foul Ball, location: 2F 1-2: Fly out, F8 (Line Drive, 8LM, EV 105.0 MPH)
|
| Bottom of the 2nd over - 0 runs, 2 hits, 0 errors, 1 left on base; San Diego (APP) 0 - Helena 3 |
| TOP OF THE 3RD |
|
San Diego (APP) Padres batting - Pitching for Helena Brewers : RHP Antonio Ballesteros
|
|
Batting: LHB Sammy Roddenberry
|
0-0: Called Strike 0-1: Called Strike 0-2: Ball 1-2: Strikes out looking
|
|
Batting: LHB Carlos Cuellar
|
0-0: Ground out 1-3 (Groundball, 13S, EV 68.8 MPH)
|
|
Batting: RHB Aaron Joseph
|
0-0: Ball 1-0: Called Strike 1-1: Ball 2-1: SINGLE (Groundball, 6M, EV 106.3 MPH) (infield hit)
|
|
Batting: RHB Tyler West
|
0-0: Ball 1-0: Foul Ball, location: 2F 1-1: Ball 2-1: Ground out 4-3 (Groundball, 34, EV 82.5 MPH)
|
| Top of the 3rd over - 0 runs, 1 hit, 0 errors, 1 left on base; San Diego (APP) 0 - Helena 3 |
| BOTTOM OF THE 3RD |
|
Helena Brewers batting - Pitching for San Diego (APP) Padres : RHP Roger Watkins
|
|
Batting: LHB Gabe Harvey
|
0-0: SINGLE (Groundball, 4MD, EV 103.8 MPH)
|
|
Batting: SHB Robert Sayer
|
0-0: Foul Ball, location: 2F 0-1: Called Strike 0-2: Fielders Choice at 2nd, 6-4 (Groundball, 6, EV 107.5 MPH)
|
|
Batting: SHB Craig Wright
|
0-0: Ball 1-0: Called Strike 1-1: Ball 2-1: Swinging Strike 2-2: Strikes out swinging
|
|
Batting: LHB Pablo Cardona
|
0-0: Swinging Strike 0-1: Called Strike 0-2: Ball 1-2: Ball Wild Pitch! Robert Sayer to second 2-2: Foul Ball, location: 2F 2-2: Ground out 6-3 (Groundball, 6M, EV 85.0 MPH)
|
| Bottom of the 3rd over - 0 runs, 1 hit, 0 errors, 1 left on base; San Diego (APP) 0 - Helena 3 |
| TOP OF THE 4TH |
|
San Diego (APP) Padres batting - Pitching for Helena Brewers : RHP Antonio Ballesteros
|
|
Batting: RHB Max Stillo
|
0-0: Ball 1-0: Called Strike 1-1: Foul Ball, location: 2F 1-2: Ball 2-2: Foul Ball, location: 2F 2-2: Strikes out looking
|
|
Batting: RHB Brent Little
|
0-0: Called Strike 0-1: Called Strike 0-2: Ball 1-2: Ground out 1-3 (Groundball, 34S, EV 74.4 MPH)
|
|
Batting: RHB Wally Cangro
|
0-0: Called Strike 0-1: Ball 1-1: Fly out, F7 (Flyball, 7LD, EV 100.6 MPH)
|
| Top of the 4th over - 0 runs, 0 hits, 0 errors, 0 left on base; San Diego (APP) 0 - Helena 3 |
| BOTTOM OF THE 4TH |
|
Helena Brewers batting - Pitching for San Diego (APP) Padres : RHP Roger Watkins
|
|
Batting: RHB Ben Taylor
|
0-0: Fly out, F9 (Line Drive, 9D, EV 88.1 MPH)
|
|
Batting: LHB Umar Matoub
|
0-0: Ball 1-0: Swinging Strike 1-1: Foul Ball, location: 2F 1-2: Strikes out swinging
|
|
Batting: RHB Dustin Hartman
|
0-0: Ground out 5-3 (Groundball, 5S, EV 92.5 MPH)
|
| Bottom of the 4th over - 0 runs, 0 hits, 0 errors, 0 left on base; San Diego (APP) 0 - Helena 3 |
| TOP OF THE 5TH |
|
San Diego (APP) Padres batting - Pitching for Helena Brewers : RHP Antonio Ballesteros
|
|
Batting: SHB Yutaro Takahashi
|
0-0: Ball 1-0: Swinging Strike 1-1: Ball 2-1: Swinging Strike 2-2: Ball 3-2: Foul Ball, location: 2F 3-2: Base on Balls
|
|
Pitching: RHP Odmar van de Vijver
|
|
|
Batting: LHB Hugo MacBeth
|
0-0: Ball Yutaro Takahashi steals 2nd, throwing error, E2 Yutaro Takahashi to third 1-0: Fly out, F9 (Flyball, 9LS, EV 86.9 MPH)
|
|
Batting: LHB Sammy Roddenberry
|
0-0: Called Strike 0-1: Foul Ball, location: 2F 0-2: Ball 1-2: SINGLE (Groundball, 6S, EV 65.6 MPH) (infield hit) Yutaro Takahashi scores
|
|
Batting: LHB Carlos Cuellar
|
0-0: Called Strike 0-1: Ball 1-1: Ball Sammy Roddenberry steals 2nd base (no throw) 2-1: Swinging Strike 2-2: Ball 3-2: Foul Ball, location: 2F 3-2: Strikes out swinging
|
|
Batting: RHB Aaron Joseph
|
0-0: Ground out 5-3 (Groundball, 5S, EV 68.1 MPH)
|
| Top of the 5th over - 1 run, 1 hit, 1 error, 1 left on base; San Diego (APP) 1 - Helena 3 |
| BOTTOM OF THE 5TH |
|
Helena Brewers batting - Pitching for San Diego (APP) Padres : RHP Roger Watkins
|
|
Batting: RHB Nick Cummings
|
0-0: Ground out 5-3 (Groundball, 5S, EV 80.6 MPH)
|
|
Batting: SHB Mike Williams
|
0-0: Foul Ball, location: 2F 0-1: Fly out, F8 (Flyball, 8LD, EV 84.4 MPH)
|
|
Batting: LHB Gabe Harvey
|
0-0: Ball 1-0: Swinging Strike 1-1: Ball 2-1: Foul Ball, location: 2F 2-2: Strikes out swinging
|
| Bottom of the 5th over - 0 runs, 0 hits, 0 errors, 0 left on base; San Diego (APP) 1 - Helena 3 |
| TOP OF THE 6TH |
|
San Diego (APP) Padres batting - Pitching for Helena Brewers : RHP Odmar van de Vijver
|
|
Batting: RHB Tyler West
|
0-0: Ball 1-0: Ball 2-0: Ball 3-0: Base on Balls
|
|
Batting: RHB Max Stillo
|
0-0: Called Strike 0-1: Foul Ball, location: 2F 0-2: Ball 1-2: Foul Ball, location: 2F 1-2: Ball 2-2: Ball 3-2: Grounds into double play, 6-4-3 (Groundball, 6, EV 88.1 MPH)
|
|
Pinch Hitting: LHB Phil Lerner
|
0-0: Ground out U3 (Groundball, 34, EV 85.6 MPH)
|
| Top of the 6th over - 0 runs, 0 hits, 0 errors, 0 left on base; San Diego (APP) 1 - Helena 3 |
| BOTTOM OF THE 6TH |
|
Helena Brewers batting - Pitching for San Diego (APP) Padres : RHP Roger Watkins
|
|
Now at 3B: Rogelio Nunez
|
|
|
Now at SS: Max Stillo
|
|
|
Batting: SHB Robert Sayer
|
0-0: Foul Ball, location: 2F 0-1: Foul Ball, location: 2F 0-2: Ground out 5-3 (Groundball, 5, EV 81.9 MPH)
|
|
Batting: SHB Craig Wright
|
0-0: Ball 1-0: SINGLE (Groundball, 56S, EV 67.5 MPH) (infield hit)
|
|
Batting: LHB Pablo Cardona
|
0-0: Ball 1-0: Called Strike 1-1: Called Strike 1-2: Ball 2-2: Foul Ball, location: 2F 2-2: Ball 3-2: DOUBLE (Line Drive, 5D, EV 108.1 MPH) Craig Wright to third
|
|
Batting: RHB Ben Taylor
|
0-0: Ball Wild Pitch! Craig Wright scores Pablo Cardona to third 1-0: Called Strike 1-1: SINGLE (Groundball, 56, EV 104.4 MPH) Pablo Cardona scores
|
|
Batting: LHB Umar Matoub
|
0-0: Ball Wild Pitch! Ben Taylor to second 1-0: Foul Ball, location: 2F 1-1: Foul Ball, location: 2F 1-2: SINGLE (Groundball, 34D, EV 106.9 MPH) Ben Taylor to third
|
|
Pitching: RHP Brian McDaniel
|
|
|
Batting: RHB Dustin Hartman
|
0-0: Foul Ball, location: 2F 0-1: Foul Ball, location: 2F 0-2: Strikes out swinging
|
|
Batting: RHB Nick Cummings
|
0-0: Called Strike 0-1: Ball 1-1: Foul Ball, location: 2F 1-2: Ball 2-2: Strikes out swinging
|
| Bottom of the 6th over - 2 runs, 4 hits, 0 errors, 2 left on base; San Diego (APP) 1 - Helena 5 |
| TOP OF THE 7TH |
|
San Diego (APP) Padres batting - Pitching for Helena Brewers : RHP Odmar van de Vijver
|
|
Pitching: RHP Dave Hotaling
|
|
|
Batting: RHB Wally Cangro
|
0-0: Ball 1-0: Called Strike 1-1: Foul Ball, location: 2F 1-2: Foul Ball, location: 2F 1-2: Foul Ball, location: 2F 1-2: SINGLE (Groundball, 4MD, EV 98.8 MPH)
|
|
Batting: SHB Yutaro Takahashi
|
0-0: Ball 1-0: Sac Bunt to 15S - play at first, batter OUT! 1-4 Wally Cangro to second
|
|
Batting: LHB Hugo MacBeth
|
0-0: Ball 1-0: Ground out 6-3 (Groundball, 6, EV 111.3 MPH)
|
|
Batting: LHB Sammy Roddenberry
|
0-0: Ball 1-0: Swinging Strike 1-1: Swinging Strike 1-2: Ball 2-2: Foul Ball, location: 2F 2-2: Foul Ball, location: 2F 2-2: Ball 3-2: Strikes out looking
|
| Top of the 7th over - 0 runs, 1 hit, 0 errors, 1 left on base; San Diego (APP) 1 - Helena 5 |
| BOTTOM OF THE 7TH |
|
Helena Brewers batting - Pitching for San Diego (APP) Padres : RHP Brian McDaniel
|
|
Batting: SHB Mike Williams
|
0-0: Fly out, F4 (Flyball, 3D, EV 87.5 MPH)
|
|
Batting: LHB Gabe Harvey
|
0-0: Foul Ball, location: 2F 0-1: Ball 1-1: Called Strike 1-2: SINGLE (Groundball, 4M, EV 108.8 MPH) (infield hit)
|
|
Batting: SHB Robert Sayer
|
0-0: Ball 1-0: Ball 2-0: Ground out 6-3 (Groundball, 6M, EV 86.3 MPH) Gabe Harvey to second
|
|
Batting: SHB Craig Wright
|
0-0: Fly out, F7 (Flyball, 7, EV 96.3 MPH)
|
| Bottom of the 7th over - 0 runs, 1 hit, 0 errors, 1 left on base; San Diego (APP) 1 - Helena 5 |
| TOP OF THE 8TH |
|
San Diego (APP) Padres batting - Pitching for Helena Brewers : RHP Dave Hotaling
|
|
Pitching: RHP Guillermo Delgado
|
|
|
Batting: LHB Carlos Cuellar
|
0-0: Ball 1-0: SINGLE (Line Drive, 34D, EV 96.9 MPH)
|
|
Batting: RHB Aaron Joseph
|
0-0: SINGLE (Groundball, 56D, EV 104.4 MPH) Carlos Cuellar to second
|
|
Batting: RHB Tyler West
|
0-0: Ball 1-0: Ball 2-0: Foul Ball, location: 2F 2-1: Ball 3-1: Base on Balls Carlos Cuellar to third Aaron Joseph to second
|
|
Batting: RHB Max Stillo
|
0-0: Ball 1-0: SINGLE (Groundball, 4M, EV 107.5 MPH) (infield hit) Carlos Cuellar scores Aaron Joseph to third Tyler West to second
|
|
Batting: LHB Rogelio Nunez
|
0-0: Ball 1-0: Foul Ball, location: 2F 1-1: Ball 2-1: Called Strike 2-2: Foul Ball, location: 2F 2-2: DOUBLE (Flyball, 8LXD, EV 96.3 MPH) Aaron Joseph scores Tyler West scores Max Stillo to third Runner from 3rd tries for Home, SAFE, throw by CF to home
|
|
Pitching: RHP Brian Heimerman
|
|
|
Batting: RHB Wally Cangro
|
0-0: Fly out, F7 (Line Drive, 78M, EV 106.3 MPH) Runner from 2nd tags up, SAFE at 3rd with throw by LF
|
|
Batting: SHB Yutaro Takahashi
|
0-0: Ball 1-0: Foul Ball, location: 2F 1-1: Ball 2-1: Ball 3-1: Base on Balls
|
|
Batting: LHB Hugo MacBeth
|
0-0: Ball 1-0: Ball Yutaro Takahashi steals 2nd base (no throw) 2-0: Ball 3-0: Called Strike 3-1: Base on Balls
|
|
Pitching: RHP Dustin Pryor
|
|
|
Batting: LHB Sammy Roddenberry
|
0-0: Foul Ball, location: 2F 0-1: Ball 1-1: Ball 2-1: Foul Ball, location: 2F 2-2: Strikes out swinging
|
|
Batting: LHB Carlos Cuellar
|
0-0: Ball 1-0: Ball 2-0: Called Strike 2-1: SINGLE (Groundball, 34D, EV 98.1 MPH) Rogelio Nunez scores Yutaro Takahashi to third Hugo MacBeth to second Runner from 3rd tries for Home, throw by RF and OUT! 9-2
|
| Top of the 8th over - 5 runs, 5 hits, 0 errors, 2 left on base; San Diego (APP) 6 - Helena 5 |
| BOTTOM OF THE 8TH |
|
Helena Brewers batting - Pitching for San Diego (APP) Padres : RHP Brian McDaniel
|
|
Pitching: LHP Kentaro Shimasaki
|
|
|
Pinch Hitting: RHB Juan Villanueva
|
0-0: Called Strike 0-1: Swinging Strike 0-2: Fly out, F3 (Popup, 34S, EV 82.5 MPH)
|
|
Pitching: RHP Nick Goodlow
|
|
|
Batting: RHB Ben Taylor
|
0-0: Ball 1-0: Foul Ball, location: 2F 1-1: Fly out, F8 (Flyball, 8RXD, EV 103.1 MPH)
|
|
Batting: LHB Umar Matoub
|
0-0: Ball 1-0: Ball 2-0: Called Strike 2-1: Foul Ball, location: 2F 2-2: Foul Ball, location: 2F 2-2: Ground out 1-3 (Groundball, 13S, EV 70.0 MPH)
|
| Bottom of the 8th over - 0 runs, 0 hits, 0 errors, 0 left on base; San Diego (APP) 6 - Helena 5 |
| TOP OF THE 9TH |
|
San Diego (APP) Padres batting - Pitching for Helena Brewers : RHP Dustin Pryor
|
|
Now in LF: Josh Nelson
|
|
|
Batting: RHB Aaron Joseph
|
0-0: SOLO HOME RUN (Flyball, 89XD, EV 98.8 MPH), Distance : 404 ft
|
|
Batting: RHB Tyler West
|
0-0: Ball 1-0: Called Strike 1-1: Ground out 5-3 (Groundball, 56S, EV 86.9 MPH)
|
|
Batting: RHB Max Stillo
|
0-0: Foul Ball, location: 2F 0-1: SINGLE (Flyball, 34D, EV 83.1 MPH)
|
|
Batting: LHB Rogelio Nunez
|
0-0: Ball 1-0: Called Strike 1-1: Swinging Strike 1-2: Foul Ball, location: 2F 1-2: Strikes out looking
|
|
Batting: RHB Wally Cangro
|
0-0: Called Strike 0-1: Ball 1-1: Fly out, F3 (Popup, 34S, EV 66.3 MPH)
|
| Top of the 9th over - 1 run, 2 hits, 0 errors, 1 left on base; San Diego (APP) 7 - Helena 5 |
| BOTTOM OF THE 9TH |
|
Helena Brewers batting - Pitching for San Diego (APP) Padres : RHP Nick Goodlow
|
|
Pitching: RHP Eric Busby
|
|
|
Batting: RHB Dustin Hartman
|
0-0: Ball 1-0: Ball 2-0: Ball 3-0: Called Strike 3-1: Ground out 1-3 (Groundball, 15S, EV 66.9 MPH)
|
|
Batting: RHB Nick Cummings
|
0-0: Ground out 5-3 (Groundball, 56, EV 94.4 MPH)
|
|
Batting: SHB Mike Williams
|
0-0: Called Strike 0-1: Ball 1-1: Fly out, F8 (Flyball, 78D, EV 93.8 MPH)
|
| Bottom of the 9th over - 0 runs, 0 hits, 0 errors, 0 left on base; San Diego (APP) 7 - Helena 5 |
|